Map: 大气2000-天梯版

Players

JieShi - Winner!

  • Race: Protoss Protoss
  • League: Master

Cyan

  • Race: Protoss Protoss

Event: DreamHack SC2 Masters 2021 Summer

VOD

Have the link to the VOD?

Description

Time

  • Played on: May 27, 2021, 9:12 a.m.
  • Length: 11:20

All games in this series

Show
View Real Time Build Order
Export as new Build Order

JieShi Protoss - Winner!

Build Orders: Archon Immortal, Dark Templar Rush 

Get SALT Encoding   

  12  0:00  Probe  
  13  0:12  Probe  
  14  0:17  Pylon  
  14  0:24  Probe (Chrono Boost)  
  15  0:37  Probe (Chrono Boost)  
  15  0:38  Gateway  
  16  0:44  Probe (Chrono Boost)  
  16  0:46  Assimilator  
  17  0:51  Probe  
  17  0:55  Assimilator  
  18  1:03  Probe (Chrono Boost)  
  19  1:07  Gateway  
  19  1:12  Probe (Chrono Boost)  
  19  1:17  Probe (Chrono Boost)  
  20  1:25  Cybernetics Core  
  21  1:29  Probe  
  22  1:34  Pylon  
  22  1:41  Probe  
  23  1:53  Probe  
  24  2:00  Warp Gate  
  24  2:01  Stalker x2  
  28  2:12  Pylon  
  28  2:27  Twilight Council  
  28  2:34  Stalker x2  
  32  2:52  Probe  
  33  3:07  Probe  
  33  3:08  Dark Shrine  
  34  3:18  Nexus  
  34  3:21  Probe  
  35  3:28  Pylon  
  35  3:33  Probe  
  36  3:41  Robotics Facility  
  36  3:45  Probe  
  37  3:57  Probe  
  37  3:58  Shield Battery  
  38  4:09  Probe, Pylon  
  39  4:22  Probe (Chrono Boost)  
  39  4:23  Sentry  
  42  4:25  Warp Prism (Chrono Boost)  
  44  4:31  Probe (Chrono Boost)  
  46  4:39  Probe (Chrono Boost)  
  46  4:40  Probe (Chrono Boost)  
  47  4:45  Probe (Chrono Boost)  
  48  4:54  Probe, Observer  
  48  4:57  Probe  
  46  5:00  Stalker x2  
  49  5:08  Probe (Chrono Boost)  
  49  5:10  Probe (Chrono Boost)  
  49  5:18  Immortal  
  49  5:19  Charge  
  49  5:21  Probe (Chrono Boost)  
  55  5:22  Probe (Chrono Boost)  
  55  5:25  Probe (Chrono Boost)  
  56  5:30  Probe (Chrono Boost)  
  56  5:33  Forge  
  56  5:34  Pylon  
  57  5:37  Probe (Chrono Boost)  
  57  5:42  Probe (Chrono Boost)  
  59  5:44  Dark Templar  
  59  5:46  Probe (Chrono Boost)  
  59  5:48  Probe (Chrono Boost)  
  63  5:54  Probe, Dark Templar  
  63  5:56  Probe  
  67  6:00  Assimilator  
  67  6:02  Assimilator  
  67  6:08  Probe, Immortal  
  67  6:09  Probe  
  73  6:14  Protoss Ground Weapons Level 1 (Chrono Boost)  
  73  6:20  Pylon x2  
  73  6:21  Probe  
  74  6:30  Pylon  
  74  6:32  Probe  
  75  6:43  Dark Templar  
  75  6:44  Dark Templar  
  78  6:50  Nexus  
  78  6:52  Shield Battery  
  78  6:59  Pylon  
  78  7:02  Immortal (Chrono Boost)  
  78  7:06  Probe x2  
  82  7:25  Probe x2  
  78  7:30  Gateway x2  
  78  7:32  Gateway  
  78  7:33  Gateway  
  78  7:37  Immortal (Chrono Boost)  
  78  7:40  Probe x2  
  84  7:48  Gateway  
  84  7:50  Gateway  
  84  7:56  Probe  
  84  7:57  Probe  
  86  7:58  Dark Templar  
  86  8:01  Dark Templar  
  86  8:05  Protoss Ground Weapons Level 2 (Chrono Boost)  
  88  8:06  Archon  
  88  8:09  Probe x3  
  91  8:17  Shield Battery  
  91  8:25  Dark Templar  
  93  8:28  Immortal  
  93  8:34  Probe x2  
  96  8:35  Dark Templar  
  96  8:36  Dark Templar  
  96  8:37  Zealot  
  96  8:40  Archon  
  101  8:48  Zealot x4  
  107  8:59  Zealot x2  
  107  9:01  Probe  
  107  9:02  Pylon  
  112  9:07  Warp Prism  
  112  9:09  Zealot x2  
  112  9:14  Zealot x2  
  112  9:18  Shield Battery  
  112  9:19  Zealot  
  114  9:25  Zealot x2  
  116  9:33  Sentry  
  116  9:34  Zealot x3  
  122  9:40  Pylon  
  122  9:41  Pylon  
  108  9:47  Zealot x2  
  108  9:48  Zealot x2  
  112  9:55  Immortal  
  112  9:57  Zealot  
  110  10:01  Photon Cannon  
  106  10:15  Zealot x3, Dark Templar  
  112  10:22  Zealot x2  
  112  10:24  Zealot x2  
  110  10:32  Photon Cannon  
  110  10:33  Immortal (Chrono Boost)  
  114  10:39  Zealot  
  112  10:45  Zealot x2  
  112  10:46  Zealot  
  108  10:53  Zealot x3  
  108  10:57  Zealot  
  96  11:04  Zealot  
  96  11:08  Zealot x3  
Show
View Real Time Build Order
Export as new Build Order

Cyan Protoss 

Build Orders:  

Get SALT Encoding   

  12  0:00  Probe  
  13  0:12  Probe  
  14  0:17  Pylon  
  14  0:24  Probe (Chrono Boost)  
  15  0:36  Probe (Chrono Boost), Gateway  
  16  0:44  Probe (Chrono Boost)  
  16  0:45  Assimilator  
  17  0:50  Probe  
  17  0:55  Assimilator  
  18  1:03  Probe (Chrono Boost)  
  19  1:07  Gateway  
  19  1:14  Probe (Chrono Boost)  
  20  1:22  Probe  
  20  1:24  Cybernetics Core  
  21  1:33  Pylon  
  21  1:34  Probe  
  22  1:46  Probe  
  23  1:58  Probe  
  23  2:01  Stalker, Warp Gate (Chrono Boost)  
  24  2:02  Sentry  
  28  2:10  Probe, Pylon  
  29  2:18  Shield Battery  
  29  2:22  Probe  
  30  2:26  Pylon  
  30  2:29  Stalker  
  32  2:37  Stalker  
  34  2:57  Nexus  
  34  3:04  Probe  
  34  3:06  Sentry  
  34  3:08  Sentry  
  38  3:14  Pylon  
  38  3:19  Probe  
  39  3:25  Robotics Facility  
  39  3:37  Probe, Shield Battery  
  40  3:43  Stalker  
  42  3:49  Probe  
  43  3:56  Twilight Council  
  43  4:02  Probe  
  44  4:09  Probe (Chrono Boost)  
  45  4:10  Adept  
  45  4:11  Adept  
  45  4:13  Observer  
  45  4:16  Probe (Chrono Boost)  
  51  4:21  Probe (Chrono Boost)  
  52  4:28  Probe (Chrono Boost)  
  52  4:30  Probe (Chrono Boost)  
  54  4:32  Blink (Chrono Boost)  
  54  4:33  Probe (Chrono Boost)  
  54  4:35  Probe  
  56  4:41  Pylon  
  56  4:43  Probe  
  57  4:47  Probe, Stalker  
  60  4:55  Probe  
  60  4:56  Assimilator  
  60  4:59  Assimilator  
  62  5:00  Probe  
  62  5:02  Observer (Chrono Boost)  
  62  5:03  Forge  
  63  5:07  Probe  
  63  5:12  Probe  
  63  5:14  Gateway  
  61  5:19  Probe  
  61  5:21  Stalker  
  64  5:24  Probe  
  64  5:27  Immortal  
  69  5:31  Protoss Ground Weapons Level 1, Pylon  
  70  5:42  Probe  
  70  5:43  Pylon  
  70  5:49  Stalker  
  72  5:50  Stalker  
  72  5:55  Gateway  
  74  6:06  Immortal  
  74  6:08  Photon Cannon  
  78  6:13  Pylon  
  78  6:18  Stalker  
  80  6:19  Stalker  
  80  6:22  Stalker  
  84  6:35  Nexus  
  84  6:38  Pylon  
  84  6:44  Charge (Chrono Boost)  
  88  6:51  Probe  
  88  6:53  Gateway  
  85  7:01  Gateway  
  85  7:03  Gateway  
  85  7:08  Stalker x2  
  85  7:12  Stalker  
  82  7:17  Probe x2  
  76  7:29  Probe x2  
  77  7:30  Warp Prism (Chrono Boost)  
  77  7:36  Templar Archives  
  79  7:41  Probe x2  
  81  7:49  Stalker x2  
  85  7:54  Stalker  
  85  7:57  Stalker  
  89  8:15  High Templar x4  
  89  8:17  Probe x2  
  89  8:18  Probe  
  100  8:20  Archon  
  100  8:21  Archon, Stalker  
  100  8:25  Pylon  
  100  8:26  Pylon  
  102  8:27  Zealot  
  103  8:45  Stalker  
  103  8:49  Stalker  
  103  8:50  Stalker x3  
  103  8:53  Stalker  
  109  9:00  Stalker  
  111  9:13  Stalker x2  
  111  9:14  Stalker  
  111  9:17  Zealot x3  
  119  9:24  Stalker  
  119  9:26  Probe x2  
  121  9:35  Probe  
  121  9:38  Stalker x3  
  128  9:40  Probe  
  128  9:45  Stalker  
  127  9:51  Sentry  
  115  9:57  Stalker  
  113  10:03  Stalker  
  113  10:04  Zealot x3  
  121  10:12  Stalker  
  95  10:29  Stalker x3  
  95  10:30  Stalker  
  95  10:32  Zealot x2  
  101  10:35  Stalker  
  101  10:39  Probe  
  85  10:54  Stalker x2  
  66  11:05  Stalker x2  
  66  11:06  Stalker x2  
  66  11:11  Stalker  
Tags
 
Add a new tag
Caveats
  • Supply blocks, unpowered buildings, or Contaminate may cause inaccurate times.
  • Supply counts are checked every 10 seconds.